Map: Simulacrum LE

Players

Ratl

  • Race: Protoss Protoss
  • League: Silver
  • Spawn Location: 5:00

Harrisaurio - Winner!

  • Race: Zerg Zerg
  • League: Silver
  • Spawn Location: 11:00

VOD

Have the link to the VOD?

Description

Time

  • Played on: Jan. 28, 2020, 2:10 p.m.
  • Length: 4:00
Show
View Real Time Build Order
Export as new Build Order

Ratl Protoss 

Build Orders:  

Get SALT Encoding   

  12  0:01  Probe  
  13  0:13  Probe  
  14  0:21  Pylon  
  14  0:28  Probe  
  15  0:40  Probe  
  16  0:47  Gateway  
  16  0:52  Probe  
  17  1:04  Probe  
  17  1:06  Gateway  
  17  1:10  Assimilator  
  18  1:16  Probe  
  19  1:26  Assimilator  
  19  1:28  Probe  
  19  1:31  Pylon  
  20  1:40  Probe  
  20  1:46  Cybernetics Core  
  21  1:52  Probe  
  21  1:57  Zealot x2  
  25  2:05  Probe  
  26  2:17  Probe  
  26  2:19  Pylon  
  27  2:29  Probe  
  28  2:41  Probe  
  29  2:49  Nexus  
  29  2:53  Probe  
  30  3:00  Stalker (Chrono Boost)  
  30  3:05  Probe  
Show
View Real Time Build Order
Export as new Build Order

Harrisaurio Zerg - Winner!

Build Orders: Pool First 

Get SALT Encoding   

  12  0:18  Spawning Pool  
  11  0:22  Drone  
  11  0:27  Drone  
  13  0:35  Overlord  
  13  0:41  Drone  
  14  0:45  Extractor  
  14  0:48  Drone  
  14  0:55  Drone  
  15  1:05  Queen  
  15  1:09  Drone  
  18  1:19  Zergling x2  
  19  1:27  Overlord  
  19  1:40  Zergling x2  
  20  1:52  Zergling x2  
  20  1:54  Metabolic Boost  
  21  2:02  Zergling x2  
  22  2:10  Zergling x2  
  23  2:16  Zergling x6  
  26  2:30  Zergling x2, Hatchery  
  26  2:37  Zergling x2  
  27  2:49  Zergling x4  
  29  2:53  Drone  
  29  2:57  Overlord  
Tags
 
Add a new tag
Caveats
  • Supply blocks, unpowered buildings, or Contaminate may cause inaccurate times.
  • Supply counts are checked every 10 seconds.